 Dungeon Crawl Stone Soup version 0.31.0-9-g3a7656b989 (webtiles) character file.

Game seed: 17622848373521547446

85 qw the Shooter (level 4, -2/25 HPs)
             Began as a Deep Elf Hunter on Feb 2, 2024.
             Slain by a hobgoblin (3 damage)
             ... led by Robin
             ... on level 2 of the Dungeon.
             The game lasted 00:00:02 (981 turns).

qw the Shooter (Deep Elf Hunter)                     Turns: 981, Time: 00:00:03

Health: -2/25      AC:  6    Str: 10    XL:     4   Next: 25%
Magic:  6/6        EV: 11    Int: 14    God:
Gold:   70         SH:  0    Dex: 18    Spells: 3/3 levels left

rFire   . . .        a - +0 shortbow
rCold   . . .        (shield currently unavailable)
rNeg    . . .        f - +0 ring mail
rPois   .            (no helmet)
rElec   .            (no cloak)
rCorr   .            d - +0 pair of gloves
SInv    .            (no boots)
Will    .....        (no amulet)
Stlth   +            (no ring)
HPRegen 0.24/turn    (no ring)
MPRegen 0.10/turn

%: no passive effects
@: no status effects
A: no striking features
a: no special abilities


You were on level 2 of the Dungeon.
You visited 1 branch of the dungeon, and saw 2 of its levels.

You collected 70 gold pieces.


   Skills:
 - Level 1.5 Fighting
 + Level 7.7 Ranged Weapons
 - Level 2.4 Dodging
 - Level 1.2 Stealth


You had 3 spell levels left.
You didn't know any spells.
Your spell library was empty.

Inventory:

Hand Weapons
 a - a +0 shortbow (weapon)
Armour
 d - a +0 pair of gloves (worn)
 f - a +0 ring mail (worn)
Scrolls
 h - a scroll of identify

Dungeon Overview and Level Annotations

Branches:
Dungeon (2/15)

Altars:


Message History

The hobgoblin closely misses you.
You shoot an arrow. The arrow hits the goblin.
The goblin is moderately wounded.
The goblin hits you but does no damage. The hobgoblin hits you. x2
You shoot an arrow. The arrow hits the goblin!
You kill the goblin!
The hobgoblin hits you.
The hobgoblin hits you but does no damage.
You shoot an arrow. The arrow completely misses the goblin.
The hobgoblin misses you. The goblin barely misses you.
The hobgoblin barely misses you.
You shoot an arrow. The arrow closely misses the goblin.
The hobgoblin misses you. The goblin hits you but does no damage.
Robin roars a battlecry!
The goblins go into a battle-frenzy!
The hobgoblin barely misses you.
You shoot an arrow. The arrow hits the goblin!
You kill the goblin!
The hobgoblin barely misses you.
The hobgoblin hits you but does no damage.
You shoot an arrow. The arrow hits Robin!
Robin is heavily wounded.
The hobgoblin closely misses you. Robin hits you with a +0 short sword.
The hobgoblin barely misses you. x2; Robin closely misses you.
The hobgoblin hits you.
You shoot an arrow.
The arrow hits Robin but does no damage.
Robin is heavily wounded.
The hobgoblin hits you. Robin throws the goblin at you!
The goblin barely misses you. The hobgoblin hits you.
You shoot an arrow. The arrow hits Robin.
Robin is severely wounded.
The hobgoblin closely misses you. Robin hits you with a +0 short sword.
The goblin hits you but does no damage. The hobgoblin closely misses you.
You shoot an arrow. The arrow hits Robin.
You kill Robin!
The goblin hits you with a +0 club. The hobgoblin barely misses you. x2
You shoot an arrow. The arrow barely misses the goblin.
The hobgoblin hits you.
You die...

#.##### .. #.# .. #.# #
#. #.# #.#. #.# #.#. #.#
##... ##.### #
###...g##########....###
.....gg@g..............'
###...g##########....###
##.#g ##.#.# # # ..
##..# #.. #.## #.. #.#
... #.# ... #.####
#.#...


You could see 4 hobgoblins and 2 goblins.

Vanquished Creatures
  Jessica (D:2)
  Robin (D:2)
  An adder (D:2)
  2 dart slugs
  A ball python (D:2)
  3 bats
  4 endoplasms
  9 goblins
  5 hobgoblins
  A quokka (D:1)
  A frilled lizard (D:1)
  A kobold (D:1)
  3 rats
33 creatures vanquished.

Notes
Turn   | Place    | Note
-------+----------+-------------------------------------------
     0 | D:1      | qw the Deep Elf Hunter began the quest for the Orb.
     0 | D:1      | Reached XP level 1. HP: 12/12 MP: 3/3
     0 | D:1      | 0 ||| qw: Version: 0.3-a-155-g5e7d8dd
     0 | D:1      | 0 ||| qw: Game counter: 232
     0 | D:1      | 0 ||| qw: Melee chars always use a shield: true
     0 | D:1      | 0 ||| qw: God list: Okawaru
     0 | D:1      | 0 ||| qw: Allow faded altars: false
     0 | D:1      | 0 ||| qw: Do Orc after clearing Dungeon:15 true
     0 | D:1      | 0 ||| qw: Do second Lair branch before Depths: true
     0 | D:1      | 0 ||| qw: Lair rune preference: random
     0 | D:1      | 0 ||| qw: Goals: Normal
     0 | D:1      | 0 ||| PLANNING D:1-11
   217 | D:1      | Reached skill level 6 in Ranged Weapons
   217 | D:1      | Reached XP level 2. HP: 16/16 MP: 4/4
   606 | D:1      | 606 ||| UPGRADING to +0 pair of gloves.
   611 | D:1      | 611 ||| UPGRADING to +0 ring mail.
   621 | D:1      | 621 ||| DROPPING +0 leather armour.
   622 | D:1      | 622 ||| READING scroll labelled IMMYSK IGHI.
   723 | D:1      | 723 ||| READING scroll labelled MOAPLI MURASEPH.
   724 | D:1      | 724 ||| READING 2 scrolls labelled GAUKYMULINK.
   724 | D:1      | 724 ||| IDENTIFYING scroll labelled MUAZ ANE NOST
   725 | D:1      | 725 ||| DROPPING scroll of butterflies.
   726 | D:1      | 726 ||| DROPPING scroll of poison.
   789 | D:2      | Noticed Jessica
   795 | D:2      | Killed Jessica
   796 | D:2      | Reached skill level 7 in Ranged Weapons
   796 | D:2      | Reached XP level 3. HP: 20/20 MP: 5/5
   960 | D:2      | Noticed Robin
   965 | D:2      | Reached XP level 4. HP: 25/25 MP: 6/6
   979 | D:2      | HP: 4/25 [Robin/+0 short sword (3)]
   980 | D:2      | Killed Robin
   980 | D:2      | HP: 1/25 [goblin/+0 club[Robin] (4)]
   981 | D:2      | Slain by a hobgoblin

Levels and vault maps discovered:
D:1:      dpeg_arrival_oval, layout_rooms, serial_forest,
          infiniplex_forest_lined_ring, infiniplex_forest_pool,
          infiniplex_forest_lined_2, infiniplex_forest_lined_room_2,
          infiniplex_forest_diagonal
D:2:      layout_loops_corners, nicolae_elevator_lobby_asterisk, uniq_jessica,
          uniq_robin, uniq_natasha, uniq_sigmund

Skill      XL: |  1  2 |
---------------+-------+-----
Ranged Weapons | 6 7 |  7.7
Fighting       | |  1.5
Dodging        | |  2.4
Stealth        | |  1.2

Action                     |  1- 3 |  4- 6 || total
---------------------------+-------+-------++-------
   Fire: Shortbow          |    65 |    17 ||    82
    Use: Scroll            |     3 |       ||     3
 Armour: Leather armour    |     3 |       ||     3
         Ring mail         |     3 |    24 ||    27
  Dodge: Dodged            |     9 |    21 ||    30

Table legend:
 A = Non-vault XP
 B = Vault XP
 C = Vault XP percentage of total XP
 D = Non-vault monster count
 E = Vault monster count
 F = Vault count percentage of total count
                 A         B        C        D         E       F
            +---------+---------+-------+---------+---------+-------
      Total |      59 |      63 |  51.6 |      25 |       8 |  24.2
            +---------+---------+-------+---------+---------+-------
        D:1 |      29 |       0 |   0.0 |      16 |       0 |   0.0
        D:2 |      30 |      63 |  67.7 |       9 |       8 |  47.1
            +---------+---------+-------+---------+---------+-------
